AoeStats
← Ben Brankleton Jr

Nomad

505789994Analyzed
4v4 RM · 20d ago on Sep 11, 2026· 49m 12s· 8 players
Game mode
Random Map
Map size
231×231
Population
200
Speed
Normal
Resources
Standard
Victory
Conquest
Starting age
Dark Age
Ending age
Imperial Age
RankedLock teamsTeams togetherTeam positionsShared explorationLock speedFull tech treeHidden civsTurbo modeCheats
Victory
Defeat
🇲🇽 Wu · Mexico
827
+12
🇲🇽 Berbers · Mexico
798
+14
🇲🇽 Japanese · Mexico
795
+14
🇨🇳 Inca · China
777
+14
🇦🇷 Dravidians · Argentina
798
-15
🇫🇷 Goths · France
729
-13
🇫🇷 Vikings · France
728
-13
🇨🇴 Turks · Colombia
722
-13
ostiinn
3:17 Loom
15:43 Feudal Age
19:42 Castle Age
18:56 Horse Collar
19:00 Fishing Lines
19:16 Stone Mining
19:21 Gold Mining
20:12 Wheelbarrow
19:52 Double-Bit Axe
20:47 Bow Saw
23:39 Town Watch
24:45 Husbandry
27:34 Fletching
28:15 Bloodlines
28:44 Forging
28:39 Scale Barding Armor
30:28 Heavy Plow
33:31 Imperial Age
33:47 Kasbah
33:45 Heavy Camel Rider
35:29 Chemistry
35:08 Ballistics
35:57 Conscription
35:44 Padded Archer Armor
38:12 Maghrebi Camels
43:02 Elite Camel Archer
44:18 Light Cavalry
45:58 Hussar
48:03 Iron Casting
47:49 Chain Barding Armor
47:44 Leather Archer Armor
LV Chris R7
7:47 Loom
15:29 Feudal Age
16:28 Fishing Lines
17:01 Double-Bit Axe
22:34 Castle Age
23:01 Bloodlines
23:09 Scale Barding Armor
25:05 Husbandry
30:35 Wheelbarrow
32:14 Gillnets
32:37 Red Cliffs Tactics
33:04 Fletching
37:32 Imperial Age
39:08 Bodkin Arrow
39:14 Padded Archer Armor
42:20 Sitting Tiger
42:09 Heavy Hei Guang Cavalry
48:37 Chemistry
sup-cc
15:51 Feudal Age
20:05 Double-Bit Axe
20:01 Horse Collar
23:01 Gold Mining
ricklive360
10:12 Loom
16:35 Feudal Age
19:17 Town Watch
JUGGERNAUT |
3:49 Loom
16:30 Feudal Age
16:58 Town Watch
19:43 Wheelbarrow
19:50 Fishing Lines
23:34 Man-at-Arms
24:00 Arson
24:09 Double-Bit Axe
25:20 Forging
25:10 Scale Mail Armor
27:25 Castle Age
26:30 Fletching
27:42 Horse Collar
28:25 Scale Barding Armor
28:21 Padded Archer Armor
28:56 Town Patrol
29:13 Hand Cart
29:52 Bow Saw
29:13 Long Swordsman
29:54 Squires
31:26 Leather Archer Armor
34:06 Murder Holes
39:50 Imperial Age
38:21 Ballistics
38:47 Masonry
38:18 Treadmill Crane
38:49 Bodkin Arrow
40:16 Capped Ram
41:42 Hoardings
42:32 Architecture
42:12 Bracer
48:04 Cavalier
49:11 Bloodlines
49:02 Husbandry
48:23 Heavy Camel Rider
Ben Brankleton Sr
16:34 Feudal Age
18:16 Man-at-Arms
21:40 Fletching
22:06 Forging
21:59 Scale Mail Armor
24:08 Castle Age
27:40 Pikeman
28:41 Forging
32:31 Iron Casting
31:56 Scale Mail Armor
31:53 Bodkin Arrow
35:16 Double-Bit Axe
39:16 Chieftains
48:03 Bow Saw
Ben Brankleton Jr
17:05 Feudal Age
17:32 Man-at-Arms
26:30 Castle Age
36:20 Double-Bit Axe
38:16 Horse Collar
38:55 Crossbowman
43:51 Pikeman
51:19 Imperial Age
knoxville2049
4:21 Loom
16:30 Feudal Age
17:00 Double-Bit Axe
17:37 Horse Collar
21:52 Castle Age
22:07 Fletching
23:15 Heavy Plow
23:55 Wheelbarrow
25:17 Bow Saw
26:19 Hand Cart
27:40 Scale Mail Armor
27:05 Pikeman
31:29 Squires
31:15 Arson
31:15 Gambesons
34:37 Ballistics
34:51 Elite Skirmisher
38:58 Gold Mining
38:59 Stone Mining
44:37 Imperial Age
44:55 Padded Archer Armor
47:39 Chemistry
46:35 Murder Holes
46:51 Masonry
48:50 Leather Archer Armor
48:31 Bodkin Arrow
49:04 Scale Barding Armor
Connection lost

Rejoining the realm…

Still unreachable

The connection could not be restored.

Session expired

The server has moved on; the page needs a fresh start.